 Dungeon Crawl Stone Soup version 0.30.1-11-g7821555f0a (webtiles) character file.

Game seed: 2115092150296902689

156 lonewolfV2 the Trooper (level 5, -6/47 HPs)
             Began as a Minotaur Fighter on Nov 7, 2023.
             Mangled by a gnoll
             ... wielding a +0 halberd
              (8 damage)
             ... on level 3 of the Dungeon.
             The game lasted 00:02:44 (2111 turns).

lonewolfV2 the Trooper (Minotaur Fighter)           Turns: 2111, Time: 00:02:44

Health: -6/47      AC:  7    Str: 21    XL:     5   Next: 14%
Magic:  4/4        EV: 10    Int:  5    God:
Gold:   141        SH:  4    Dex: 11    Spells: 4/4 levels left

rFire   . . .        a - +0 war axe
rCold   . . .        c - +0 buckler
rNeg    . . .        b - +0 scale mail
rPois   .            (helmet restricted)
rElec   .            (no cloak)
rCorr   .            (no gloves)
SInv    .            (no boots)
Will    .....        (no amulet) Stlth
                     (no ring)
HPRegen 0.27/turn    (no ring)
MPRegen 0.09/turn

%: no passive effects
@: no status effects
A: horns 2, retaliatory headbutt
a: no special abilities


You were on level 3 of the Dungeon.
You visited 1 branch of the dungeon, and saw 3 of its levels.

You collected 141 gold pieces.

Inventory:

Hand Weapons
 a - a +0 war axe (weapon)
Armour
 b - a +0 scale mail (worn)
 c - a +0 buckler (worn)
Scrolls
 e - a scroll of teleportation
 i - a scroll of butterflies {unknown}
 j - a scroll of identify
 m - a scroll of silence {unknown}
Potions
 d - a potion of might
 f - a potion of heal wounds {unknown}
 g - 2 potions of brilliance {unknown}
 h - a potion of curing
 k - a potion of degeneration
 l - 2 potions of haste {unknown}


   Skills:
 + Level 4.7 Fighting
 - Level 2.4 Axes
 + Level 4.6 Armour
 * Level 3.7 Dodging
 - Level 3.6 Shields


You had 4 spell levels left.
You didn't know any spells.
Your spell library was empty.

Dungeon Overview and Level Annotations

Branches:
Dungeon (3/15)

Altars:


Innate Abilities, Weirdness & Mutations

You have a pair of horns on your head.
You reflexively headbutt those who attack you in melee.


Message History

The goblin shouts!
You slash the gnoll!
The gnoll is almost dead.
The gnoll hits you with a +0 halberd.
You hit the gnoll.
You kill the gnoll!
You have reached level 5!
You completely miss the hobgoblin. The hobgoblin hits you.
The hobgoblin closely misses you.
You closely miss the hobgoblin. The hobgoblin barely misses you.
You slash the hobgoblin!
You kill the hobgoblin!
The goblin unwields a +0 club.
The goblin wields a +0 sling.
The goblin shoots a sling bullet.
You block the sling bullet.
The goblin unwields a +0 sling.
The goblin wields a +0 club.
The goblin hits you but does no damage. The gnoll barely misses you.
Things that are here:
a +0 halberd; a gnoll corpse You closely miss the goblin.
You headbutt the goblin.
You kill the goblin!
The gnoll barely misses you. The gnoll misses you. You furiously retaliate!
You headbutt the gnoll. You barely miss the gnoll.
Your headbutt misses the gnoll.
The gnoll is heavily wounded.
The gnoll hits you from afar with a +0 halberd!
The gnoll hits you with a +0 club.
The gnoll hits you from afar with a +0 halberd!
* * * LOW HITPOINT WARNING * * *
You closely miss the gnoll.
The gnoll is heavily wounded.
The gnoll hits you but does no damage. x3
You slash the gnoll!
You kill the gnoll!
The gnoll hits you but does no damage. The gnoll closely misses you.
You hit the goblin. Your headbutt misses the goblin.
The goblin is severely wounded.
The goblin hits you with a +0 club.
* * * LOW HITPOINT WARNING * * *
The gnoll hits you from afar with a +0 halberd!
You die...

#.#.... #.#.....
#.#..#.#.. .
#..>..... ### ...
#..... .#.... ....#
#.##.##.#...
....gg###.##.#....#
#gg@).#.......#
#.####........# ..
#.......#.# ##
##..†..##.# #.
##...###.# +. ##.##
#.# #. ##.####.#
##. #.......# +..
#..####.# #..


You could see a gnoll, a hobgoblin and 2 goblins.

Vanquished Creatures
  3 gnolls (D:3)
  6 adders
  2 dart slugs (D:1)
  2 ball pythons (D:1)
  6 bats
  13 endoplasms
  3 giant cockroaches (D:1)
  9 goblins
  7 hobgoblins
  2 kobolds
  4 quokkas
  3 frilled lizards
  4 rats
64 creatures vanquished.

Notes
Turn   | Place    | Note
-------+----------+-------------------------------------------
     0 | D:1      | lonewolfV2 the Minotaur Fighter began the quest for the
                  | Orb.
     0 | D:1      | Reached XP level 1. HP: 19/19 MP: 0/0
    59 | D:1      | Reached skill level 1 in Dodging
    77 | D:1      | Reached XP level 2. HP: 27/27 MP: 1/1
   518 | D:1      | Reached XP level 3. HP: 33/33 MP: 2/2
  1631 | D:2      | Reached XP level 4. HP: 39/41 MP: 3/3
  2103 | D:3      | Reached XP level 5. HP: 29/47 MP: 4/4
  2111 | D:3      | HP: 2/47 [goblin/+0 club (4)]
  2111 | D:3      | Mangled by a gnoll

Illustrated notes

Levels and vault maps discovered:
D:1:      dpeg_arrival_short_road, layout_basic, wad_woods_river_04,
          chequers_serial_rivers_marsh
D:2:      layout_rooms, minmay_tetromino_l2
D:3:      corexii_shack_village, layout_loops_cross,
          mainiacjoe_overflow_cross_hatched, minivault_11, minmay_goblin_outpost

Skill      XL: |  1  2  3  4 |
---------------+-------------+-----
Dodging        | 1 2 3 |  3.7
Fighting       | 4 |  4.7
Armour         | 4 |  4.6
Axes           | |  2.4
Shields        | |  3.6

Action                     |  1- 3 |  4- 6 || total
---------------------------+-------+-------++-------
  Melee: War axe           |    72 |    38 ||   110
         Headbutt          |     8 |     6 ||    14
    Use: Scroll            |     6 |       ||     6
 Armour: Scale mail        |    52 |    16 ||    68
  Dodge: Dodged            |    34 |    21 ||    55
  Block: Buckler           |    15 |     5 ||    20
